 Dungeon Crawl Stone Soup version 0.17.0-28-g6e173f8 (webtiles) character file.

32 septik the Sneak (level 3, 0/16 HPs)
             Began as a Spriggan Enchanter on Nov 27, 2015.
             Succumbed to an adder's poison
             ... on level 2 of the Dungeon.
             The game lasted 00:02:57 (915 turns).

septik the Sneak (Spriggan Enchanter)                Turns: 915, Time: 00:02:57

Health: 0/16       AC:  4    Str:  4    XL:     3   Next: 10%
Magic:  7/8        EV: 18    Int: 16    God:
Gold:   118        SH:  0    Dex: 17    Spells: 1 memorised, 6 levels left

rFire  . . .     SeeInvis +     j - +0 hunting sling (curse)
rCold  + . .     Clarity  .     b - +2 robe
rNeg   . . .     SustAt   .     (shield restricted)
rPois  .         Gourm    .     (helmet restricted)
rElec  .         Spirit   .     (no cloak)
rCorr  .         Warding  .     (gloves unavailable)
rMut   .         Rnd*Tele +     (boots unavailable)
MR     .....                    (no amulet)
Stlth  +++.......               (no ring)
                                (no ring)

@: lethally poisoned (0 -> -2), very slightly contaminated, invisible, very
quick, not resistant to hostile enchantments, fairly stealthy
A: unfitting armour, see invisible, cold resistance 1, herbivore 3, speed 3,
high mp 1, slow metabolism 2, teleportitis 1
a: no special abilities


You were on level 2 of the Dungeon.
You were not hungry.

You visited 1 branch of the dungeon, and saw 2 of its levels.

You collected 118 gold pieces.

Inventory:

Hand Weapons
 a - a +1 dagger
 j - a cursed +0 hunting sling (weapon)
Missiles
 g - 83 stones (quivered)
Armour
 b - a +2 robe (worn)
Scrolls
 l - a scroll of enchant armour
Potions
 e - a potion of degeneration
 f - a potion of invisibility
Books
 c - a book of Maledictions

   Spells                             Type                      Level
   a - Corona                         Hexes                        1
   b - Ensorcelled Hibernation        Hexes/Ice                    2
   c - Confuse                        Hexes                        3
   d - Tukima's Dance                 Hexes                        3
   e - Dazzling Spray                 Conjuration/Hexes            3
Comestibles
 d - a bread ration


   Skills:
 + Level 2.5 Short Blades
 - Level 3.0 Dodging
 * Level 5.4 Stealth
 - Level 2.6 Spellcasting
 - Level 3.6 Hexes


You had 6 spell levels left.
You knew the following spells:

 Your Spells              Type           Power        Failure   Level  Hunger
a - Corona                Hex            ##.....      6%          1    #......


Dungeon Overview and Level Annotations

Branches:
Dungeon (2/15)

Altars:


Innate Abilities, Weirdness & Mutations

You are tiny and cannot use many weapons and most armour.
You have supernaturally acute eyesight.
You are a herbivore.
You cover ground extremely quickly.
You need consume almost no food.
Your flesh is cold resistant.
You have an increased reservoir of magic (+10% MP).
You are occasionally teleported to nearby monsters.


Message History

You shoot a stone. The stone hits the adder.
You kill the adder!
You have reached level 3!
Your experience leads to an increase in your attributes!
Increase (S)trength, (I)ntelligence, or (D)exterity?
You feel agile.
* * * LOW HITPOINT WARNING * * *
You feel sick.
You see here a stone.
* * * LOW HITPOINT WARNING * * *
You feel sick.
Drink which item? (? for menu, Esc to quit)
Okay, then.
You see here 3 stones.
g - 83 stones (gained 3)
* * * LOW HITPOINT WARNING * * *
You feel sick.
* * * LOW HITPOINT WARNING * * *
You feel sick.
You die...

#........#.# # #........#
#....##..#)##.####...##..#
#....##..#.#..............
##.#..........#####.......
#............# #..##.##
###.##..#....# #......
#.##..#....# ##.##..#....#
#......@....#
##<##..#.......
#.................
########..#....###
...#....# ##.......#
#..#.#..# #.)......


There were no monsters in sight!

Vanquished Creatures
  An adder (D:2)
  A ball python (D:1)
  6 bats (D:1)
  A giant cockroach (D:1)
  2 hobgoblins (D:1)
  2 jackals
  A giant newt (D:1)
  3 goblins (D:1)
  A kobold (D:1)
  6 rats (D:1)
24 creatures vanquished.

Notes
Turn   | Place    | Note
--------------------------------------------------------------
     0 | D:1      | septik the Spriggan Enchanter began the quest for the Orb.
     0 | D:1      | Reached XP level 1. HP: 9/9 MP: 5/5
   162 | D:1      | Reached skill level 5 in Stealth
   172 | D:1      | Reached XP level 2. HP: 11/13 MP: 6/6
   893 | D:2      | Gained mutation: You are occasionally teleported to nearby monsters. [potion of mutation]
   893 | D:2      | Gained mutation: You have an increased reservoir of magic (+10% MP). [potion of mutation]
   893 | D:2      | Gained mutation: Your flesh is cold resistant. [potion of mutation]
   894 | D:2      | Reached XP level 3. HP: 4/16 MP: 6/8
   915 | D:2      | Succumbed to an adder's poison

Action                   || total
-------------------------++-------
Melee: Dagger            ||    26
 Fire: Hunting sling     ||    42
  Use: Scroll            ||     5
       Potion            ||     2
 Stab: Sleeping          ||     7
